 Dungeon Crawl Stone Soup version 0.26-a0-52-gd53d4cd058 (webtiles) character file.

Game seed: 11074156586926170995

2214 Hasart the Reanimator (level 9, -8/57 HPs)
             Began as a Demonspawn Necromancer on June 5, 2020.
             Was a Follower of Sif Muna.
             Shot with a sling bullet by Joseph (17 damage)
             ... on level 7 of the Dungeon.
             The game lasted 00:20:27 (8151 turns).

Hasart the Reanimator (Demonspawn Necromancer)      Turns: 8151, Time: 00:20:27

Health: -8/57      AC: 10    Str:  8    XL:     9   Next: 13%
Magic:  11/16      EV: 16    Int: 21    God:    Sif Muna [*.....]
Gold:   354        SH:  0    Dex: 13    Spells: 9/18 levels left

rFire    . . .     SeeInvis .   g - +3 whip (pain)
rCold    + . .     Gourm    .   (no shield)
rNeg     . . .     Faith    .   r - +0 leather armour
rPois    .         Spirit   .   b - +1 helmet
rElec    .         Reflect  .   p - +0 cloak
rCorr    +         Harm     .   (no gloves)
MR       .....                  (boots unavailable)
Stlth    ++........             (no amulet)
HPRegen  0.19/turn              B - +4 ring of protection
MPRegen  0.15/turn              z - ring of resist corrosion

@: no status effects
A: talons 3, repulsion field 1, cold resistance 1
a: Channel Magic, Renounce Religion


You were on level 7 of the Dungeon.
You worshipped Sif Muna.
Sif Muna was aware of your devotion.
You were not hungry.

You visited 2 branches of the dungeon, and saw 8 of its levels.

You collected 354 gold pieces.

Inventory:

Hand Weapons
 g - a +3 whip of pain (weapon)
 o - a +0 spear of venom
 D - a +5 great sword of freezing
Missiles
 f - 11 poisoned darts (quivered)
Armour
 b - a +1 helmet (worn)
 p - a +0 cloak (worn)
 r - a +0 leather armour (worn)
Jewellery
 z - a ring of resist corrosion (right hand)
 B - a +4 ring of protection (left hand)
 C - an uncursed ring of see invisible {unknown}
Wands
 a - a wand of digging (2)
 j - a wand of enslavement (5)
 l - a wand of polymorph (7)
 y - a wand of clouds (4)
Scrolls
 h - a scroll of fear
 i - 8 scrolls of identify
 s - a scroll of remove curse
 x - 3 scrolls of teleportation
 E - a scroll of fog {unknown}
Potions
 d - 5 potions of curing
 e - a potion of mutation {unknown}
 k - 3 potions of haste {unknown}
 m - a potion of lignification {unknown}
 n - a potion of flight {unknown}
 q - a potion of magic {unknown}
 t - a potion of cancellation {unknown}
 u - a potion of resistance {unknown}
 v - 2 potions of might {unknown}
 w - a potion of heal wounds {unknown}
 A - 2 potions of degeneration {unknown}
Comestibles
 c - 12 rations
 F - 10 chunks of flesh


   Skills:
 + Level 5.2 Dodging
 - Level 1.7 Stealth
 + Level 5.3 Spellcasting
 * Level 9.6 Necromancy
 + Level 3.2 Invocations
 + Level 4.1 Evocations


You had 9 spell levels left.
You knew the following spells:

 Your Spells              Type           Power        Failure   Level  Hunger
a - Pain                  Necr           ####         1%          1    None
b - Vampiric Draining     Necr           #####.....   1%          3    ##.....
c - Agony                 Necr           #####...     9%          5    #####..

Your spell library contained the following spells:

 Spells                   Type           Power        Failure   Level  Hunger
 Animate Skeleton         Necr           N/A          1%          1    None
 Animate Dead             Necr           N/A          3%          4    ####...
 Corona                   Hex            #......      16%         1    None
 Ensorcelled Hibernation  Hex/Ice        #.....       24%         2    None
 Confusing Touch          Hex            #.......     43%         3    ##.....
 Dazzling Flash           Conj/Hex       #.....       43%         3    ##.....
 Tukima's Dance           Hex            #.......     43%         3    ##.....


Dungeon Overview and Level Annotations

Branches:
Dungeon (7/15)             Temple (1/1) D:5

Altars:
Ashenzari
Cheibriados
Dithmenos
Elyvilon
Makhleb
Qazlal
Sif Muna
Trog
Uskayaw
Vehumet
Zin
The Shining One

Shops:
D:7 *

Annotations:
D:5 3 runed translucent doors, Error4North's ghost, novice DsBe
D:7 Joseph


Innate Abilities, Weirdness & Mutations

You have claws for feet.
You are surrounded by a mild repulsion field. (EV +2)
Your flesh is cold resistant. (rC+)


Message History

Aiming: Pain (safe; 1% risk of failure)
Press: ? - help, Shift-Dir - straight line, f/p - Joseph
Aim: Joseph, wielding a +0 hunting sling, wearing a +0 leather armour and quivering 21 sling bullets (moderately wounded, chance to defeat MR: 71%) Joseph writhes in agony.
Joseph shoots a sling bullet.
The sling bullet hits you!!
Casting: Pain (safe; 1% risk of failure)
Confirm with . or Enter, or press ? or * to list all spells.
Aiming: Pain (safe; 1% risk of failure)
Press: ? - help, Shift-Dir - straight line, f/p - Joseph
Aim: Joseph, wielding a +0 hunting sling, wearing a +0 leather armour and quivering 20 sling bullets (moderately wounded, chance to defeat MR: 71%) Joseph writhes in agony.
Joseph shoots a sling bullet.
The sling bullet hits you!
* * * LOW HITPOINT WARNING * * *
Joseph shoots a sling bullet.
The sling bullet hits you!
* * * LOW HITPOINT WARNING * * *
Unknown command.
Okay, then.
Joseph says, "I'm happy to see you. And I'll be happy to kill you."
Joseph shoots a sling bullet.
The sling bullet hits you!
You die...

######.########.# #....# ###+###
##...#.##_..._### #....# #......
.#...#.##≈#'#≈# #....# #......
)(<.....###.#######....# #......
)#...#.#......##.......## #......
.#####.#......##...#....# #......
.#####.#......##...#.##.# #######
.......'.......<...#.##.######[..
.......#........@..#........)....
..######...........####.######.##
..# #######.....# #.# #... ###
####...### #.# #.## #....(...#
#.######.## #.....@..#
#.(......<# #........#
####...#.## #........# #......###
#........# #......#


You could see Joseph.

Vanquished Creatures
  Pikel (D:7)
  Duvessa (D:6)
  A water moccasin (D:5)
  2 ice beasts
  2 sky beasts
  A slave (D:7)
  An ogre (D:7)
  Blork the orc (D:6)
  3 bullfrogs
  A scorpion (D:6)
  Dowan (D:6)
  4 wights (D:6)
  A crimson imp (D:6)
  A hound (D:6)
  A jelly (D:5)
  2 orc priests
  An orc wizard (D:6)
  Ijyb (D:3)
  Terence (D:2)
  An iguana (D:5)
  A worker ant (D:7)
  A hound zombie (D:5)
  A hound skeleton (D:4)
  9 gnolls
  A howler monkey skeleton (D:4)
  8 adders
  2 shadow imps
  An adder skeleton (D:7)
  4 worms
  4 dart slugs
  5 leopard geckos
  17 orcs
  4 ball pythons
  8 bats
  3 giant cockroaches
  6 goblins
  9 hobgoblins
  6 jackals
  3 quokkas
  4 frilled lizards
  5 kobolds (D:1)
  A leopard gecko zombie (D:6)
  8 rats
139 creatures vanquished.

Vanquished Creatures (others)
  2 slaves (D:7)
  A wight (D:6)
  An orc priest (D:7)
  An adder (D:7)
  3 orcs (D:7)
8 creatures vanquished.

Grand Total: 147 creatures vanquished

Notes
Turn   | Place    | Note
-------+----------+-------------------------------------------
     0 | D:1      | Hasart the Demonspawn Necromancer began the quest for the
                  | Orb.
     0 | D:1      | Reached XP level 1. HP: 13/13 MP: 3/3
    82 | D:1      | Gained mutation: You have sharp toenails. [demonic
                  | ancestry]
    82 | D:1      | Reached XP level 2. HP: 15/19 MP: 0/5
   501 | D:1      | Reached skill level 5 in Necromancy
   613 | D:1      | Gained mutation: You are surrounded by a mild repulsion
                  | field. (EV +2) [demonic ancestry]
   613 | D:1      | Reached XP level 3. HP: 12/24 MP: 0/6
  1533 | D:2      | Noticed Terence
  1540 | D:2      | Killed Terence
  1540 | D:2      | Reached XP level 4. HP: 24/30 MP: 0/7
  1549 | D:2      | Learned a level 3 spell: Vampiric Draining
  1726 | D:2      | Found a faded altar of an unknown god.
  2118 | D:2      | Found a radiant altar of Vehumet.
  2499 | D:2      | Found a hide-covered altar of Uskayaw.
  2619 | D:3      | Noticed Ijyb
  2629 | D:3      | Killed Ijyb
  2629 | D:3      | Reached skill level 6 in Necromancy
  2629 | D:3      | Gained mutation: You have razor-sharp toenails. [demonic
                  | ancestry]
  2629 | D:3      | Reached XP level 5. HP: 27/35 MP: 0/9
  2751 | D:3      | Learned a level 5 spell: Agony
  4021 | D:4      | Gained mutation: Your flesh is cold resistant. (rC+)
                  | [demonic ancestry]
  4021 | D:4      | Reached XP level 6. HP: 36/41 MP: 10/10
  4915 | D:5      | Entered Level 5 of the Dungeon
  4940 | D:5      | Found a staircase to the Ecumenical Temple.
  4953 | Temple   | Entered the Ecumenical Temple
  5053 | Temple   | Became a worshipper of Sif Muna the Loreminder
  5162 | D:5      | Noticed a sky beast
  5186 | D:5      | Killed a sky beast
  5186 | D:5      | Reached skill level 7 in Necromancy
  5186 | D:5      | Reached skill level 1 in Evocations
  5430 | D:5      | Found a runed translucent gate.
  5430 | D:5      | Found a runed translucent gate.
  5432 | D:5      | Found a runed translucent gate.
  5433 | D:5      | Noticed Error4North's ghost (novice DsBe)
  5577 | D:5      | Noticed a water moccasin
  5593 | D:5      | Killed a water moccasin
  5593 | D:5      | Gained mutation: You have claws for feet. [demonic
                  | ancestry]
  5593 | D:5      | Reached XP level 7. HP: 26/46 MP: 4/12
  6170 | D:6      | Noticed Dowan
  6437 | D:6      | Reached * piety under Sif Muna
  6459 | D:6      | Reached skill level 8 in Necromancy
  6512 | D:6      | Noticed Duvessa
  6523 | D:6      | Killed Dowan
  6524 | D:6      | Killed Duvessa
  6524 | D:6      | Reached XP level 8. HP: 46/52 MP: 5/14
  7041 | D:6      | Found a burning altar of Makhleb.
  7043 | D:6      | Found a glowing silver altar of Zin.
  7044 | D:6      | Noticed an angel
  7044 | D:6      | Noticed a cacodemon
  7111 | D:6      | Found a white marble altar of Elyvilon.
  7124 | D:6      | Noticed Blork the orc
  7140 | D:6      | Reached skill level 1 in Invocations
  7146 | D:6      | Killed Blork the orc
  7528 | D:7      | Noticed Pikel
  7550 | D:7      | Killed Pikel
  7550 | D:7      | Reached skill level 5 in Dodging
  7550 | D:7      | Reached skill level 5 in Spellcasting
  7550 | D:7      | Reached skill level 9 in Necromancy
  7693 | D:7      | Reached XP level 9. HP: 54/57 MP: 11/16
  7777 | D:7      | Found Vuos's General Store.
  8129 | D:7      | Found a shattered altar of Ashenzari.
  8129 | D:7      | Found a snail-covered altar of Cheibriados.
  8140 | D:7      | Noticed Joseph
  8151 | D:7      | Shot with a sling bullet by Joseph

Illustrated notes

Levels and vault maps discovered:
D:1:      erik_arrival_cave_to_civilisation [erik_arrival_cave_to_temple],
          layout_basic
D:2:      layout_basic, vehumet_crystals, lemuel_coloured_pillars_altar,
          first_ration, chequers_ecumenical_altar_simple_redux, uniq_terence
D:3:      wander_river, layout_loops_ring, uniq_ijyb
D:4:      layout_rooms
D:5:      layout_basic, minmay_temple_entry_water_ring,
          gammafunk_ghost_necromancy
D:6:      layout_basic, grunt_temple_overflow_order_and_chaos_2,
          minmay_misc_feat_iff, elyvilon_altar_5, uniq_blork_the_orc,
          uniq_duvessa
D:7:      layout_basic, gammafunk_temple_overflow_elements, serial_shops,
          nicolae_shop_crystal, uniq_pikel, uniq_joseph
Temple:   regret_index_temple_generic_petals

Skill      XL: |  1  2  3  4  5  6  7  8  9 |
---------------+----------------------------+-----
Dodging        | 2 3 4 5 |  5.2
Necromancy     | 5 6 7 8 9 |  9.6
Spellcasting   | 3 4 5 |  5.3
Evocations     | 1 2 4 |  4.1
Invocations    | 2 3 |  3.2
Stealth        | |  1.7

Action                   |  1- 3 |  4- 6 |  7- 9 || total
-------------------------+-------+-------+-------++-------
Melee: Unarmed           |     2 |       |       ||     2
       Kick              |     3 |    12 |    22 ||    37
       Dagger            |     2 |     7 |       ||     9
       Spear             |       |    11 |       ||    11
       Whip              |       |    35 |    93 ||   128
       Great sword       |       |       |    12 ||    12
 Cast: Pain              |    55 |   167 |   100 ||   322
       Vampiric Draining |       |       |     1 ||     1
Evoke: Wand              |       |       |     2 ||     2
  Use: Scroll            |       |       |     9 ||     9
  Eat: Chunk             |     2 |    13 |     5 ||    20
       Ration            |       |       |     1 ||     1
Armor: Robe              |     1 |    19 |    13 ||    33
       Leather armour    |       |       |    24 ||    24
Dodge: Dodged            |     8 |    81 |   103 ||   192
       Rpst.: Great sword |       |       |     2 ||     2

Table legend:
 A = Non-vault XP
 B = Vault XP
 C = Vault XP percentage of total XP
 D = Non-vault monster count
 E = Vault monster count
 F = Vault count percentage of total count
                 A         B        C        D         E       F
            +---------+---------+-------+---------+---------+-------
      Total |    2128 |    1036 |  32.7 |     130 |       8 |   5.8
            +---------+---------+-------+---------+---------+-------
        D:1 |      64 |       5 |   7.2 |      22 |       2 |   8.3
        D:2 |      70 |      36 |  34.0 |      26 |       1 |   3.7
        D:3 |     157 |      36 |  18.7 |      24 |       1 |   4.0
        D:4 |     157 |       0 |   0.0 |      17 |       0 |   0.0
        D:5 |     407 |       0 |   0.0 |      13 |       0 |   0.0
        D:6 |     901 |     318 |  26.1 |      19 |       3 |  13.6
        D:7 |     372 |     641 |  63.3 |       9 |       1 |  10.0
            +---------+---------+-------+---------+---------+-------
